Map: Aura mortal EE

Players

MrFercho - Winner!

  • Race: Zerg Zerg
  • League: Silver
  • Spawn Location: 11:00

Darkslinger

  • Race: Protoss Protoss
  • Spawn Location: 5:00

VOD

Have the link to the VOD?

Description

Time

  • Played on: June 20, 2020, 10:15 p.m.
  • Length: 12:40
Show
View Real Time Build Order
Export as new Build Order

MrFercho Zerg - Winner!

Build Orders: Hatch First 

Get SALT Encoding   

  12  0:01  Drone  
  13  0:20  Overlord  
  14  0:21  Drone  
  14  0:30  Extractor  
  14  0:32  Extractor, Drone x2  
  16  0:49  Drone  
  17  0:59  Drone  
  17  1:00  Hatchery  
  17  1:03  Drone  
  18  1:18  Spawning Pool  
  17  1:20  Extractor, Drone  
  17  1:25  Drone  
  18  1:35  Drone  
  19  1:46  Drone  
  20  1:57  Drone  
  21  2:08  Overlord  
  21  2:11  Queen  
  21  2:12  Queen  
  25  2:21  Drone x2  
  27  2:23  Drone  
  28  2:33  Drone  
  28  2:34  Drone  
  30  2:49  Extractor  
  29  3:00  Drone x4  
  33  3:06  Queen  
  35  3:15  Drone  
  35  3:16  Roach Warren  
  35  3:17  Drone  
  35  3:19  Overlord x2  
  36  3:24  Lair  
  36  3:35  Evolution Chamber  
  36  3:40  Drone x2, Spine Crawler  
  36  3:41  Spine Crawler, Drone x5  
  41  3:45  Extractor  
  39  3:50  Extractor  
  39  3:51  Drone x2  
  39  3:52  Drone x2  
  39  3:53  Drone  
  39  3:54  Drone  
  44  3:57  Drone  
  45  4:09  Roach  
  49  4:10  Roach  
  49  4:22  Zerg Missile Weapons Level 1  
  49  4:23  Drone x2  
  51  4:29  Drone  
  51  4:31  Overlord x3  
  52  4:50  Drone  
  52  4:51  Drone x2  
  55  4:57  Hydralisk Den  
  54  5:04  Evolution Chamber  
  54  5:05  Roach x7  
  67  5:21  Drone  
  67  5:22  Drone x3  
  67  5:27  Spore Crawler  
  70  5:31  Spore Crawler  
  70  5:34  Spore Crawler  
  68  5:36  Spine Crawler  
  68  5:39  Grooved Spines  
  68  5:40  Zerg Ground Armor Level 1  
  68  5:41  Spine Crawler  
  66  5:42  Spine Crawler  
  66  5:45  Glial Reconstitution  
  65  5:55  Drone x2  
  65  5:56  Drone x5  
  72  6:00  Hatchery  
  71  6:07  Hydralisk  
  71  6:08  Hydralisk  
  71  6:09  Overlord  
  75  6:22  Spore Crawler  
  74  6:37  Drone x5  
  79  6:41  Overlord x3  
  79  6:42  Overlord  
  79  6:47  Zerg Missile Weapons Level 2  
  79  6:50  Muscular Augments  
  79  6:52  Extractor  
  78  6:57  Extractor  
  77  7:09  Drone x3  
  77  7:10  Drone x2  
  82  7:16  Drone  
  82  7:17  Drone x2  
  85  7:39  Drone  
  85  7:40  Drone x3  
  89  7:47  Drone x5  
  94  7:57  Overlord  
  94  7:58  Overlord x3  
  94  8:07  Hatchery  
  93  8:21  Drone x9  
  102  8:45  Hatchery  
  102  8:46  Hatchery, Zerg Ground Armor Level 2  
  100  8:49  Hatchery  
  100  8:52  Infestation Pit  
  98  8:58  Overlord x4  
  98  8:59  Hydralisk x2  
  98  9:00  Hydralisk x3  
  108  9:40  Drone x3  
  108  9:41  Drone x8  
  119  9:51  Hydralisk  
  121  10:18  Hydralisk x16  
  121  10:19  Extractor, Hydralisk x2  
  121  10:20  Extractor  
  155  10:29  Hive  
  155  10:42  Hydralisk  
  155  10:43  Hydralisk x17  
  191  11:17  Hydralisk x4  
  161  12:15  Hydralisk x6  
  143  12:16  Hydralisk x5  
Show
View Real Time Build Order
Export as new Build Order

Darkslinger Protoss 

Build Orders:  

Get SALT Encoding   

  1  0:00  Probe  
  12  0:06  Probe  
  14  0:16  Probe  
  15  0:24  Pylon  
  15  0:46  Gateway  
  15  0:55  Gateway  
  15  0:59  Gateway  
  15  1:08  Probe  
  16  1:11  Assimilator  
  16  1:20  Pylon, Probe  
  17  1:43  Probe, Cybernetics Core  
  17  1:44  Forge  
  18  1:51  Probe  
  18  2:00  Probe  
  19  2:04  Warp Gate  
  20  2:13  Probe  
  21  2:20  Photon Cannon  
  21  2:24  Photon Cannon  
  21  2:33  Photon Cannon  
  21  2:41  Zealot  
  23  2:59  Nexus  
  23  3:05  Probe  
  23  3:07  Assimilator  
  24  3:35  Robotics Facility  
  24  3:36  Stargate  
  24  3:45  Shield Battery  
  24  3:47  Shield Battery  
  24  3:50  Pylon  
  24  4:06  Stalker x2  
  24  4:08  Stalker  
  30  4:13  Probe  
  31  4:36  Stalker x2, Pylon  
  35  4:44  Stalker  
  37  5:03  Probe  
  37  5:07  Oracle  
  38  5:10  Observer  
  38  5:11  Probe  
  38  5:20  Probe  
  43  5:27  Warp Prism  
  44  5:31  Probe  
  47  5:39  Probe  
  47  5:47  Probe  
  49  5:59  Probe  
  50  6:11  Probe  
  51  6:23  Probe  
  52  6:31  Probe  
  49  6:39  Probe  
  50  6:41  Observer  
  51  6:49  Probe  
  52  7:00  Stalker  
  54  7:01  Probe  
  54  7:08  Observer  
  55  7:09  Stalker x2  
  59  7:30  Stalker  
  59  7:45  Pylon  
  59  7:47  Pylon  
  59  7:53  Immortal  
  59  7:56  Void Ray  
  59  8:03  Nexus  
  67  8:13  Assimilator  
  67  8:15  Assimilator  
  67  8:23  Stalker x3  
  73  8:28  Pylon  
  73  8:31  Pylon  
  73  8:32  Protoss Ground Weapons Level 1  
  73  8:33  Immortal, Pylon  
  77  8:45  Void Ray  
  77  8:51  Stalker x2  
  77  8:52  Stalker  
  87  9:08  Immortal  
  87  9:13  Probe  
  92  9:21  Probe  
  92  9:28  Void Ray  
  92  9:30  Probe  
  98  9:41  Immortal  
  98  9:43  Probe  
  103  9:53  Pylon  
  103  9:54  Pylon  
  103  9:55  Probe  
  105  10:07  Probe  
  108  10:19  Probe  
  108  10:20  Void Ray  
  108  10:21  Immortal  
  106  10:31  Probe  
  115  10:43  Probe  
  116  10:55  Probe  
  117  11:00  Immortal  
  117  11:02  Void Ray  
  125  11:07  Probe  
  125  11:09  Pylon  
  125  11:11  Pylon  
  126  11:13  Nexus  
  126  11:19  Probe  
  127  11:31  Probe  
  128  11:39  Immortal  
  132  11:43  Probe  
  92  12:09  Stalker x3  
Tags
 
League
Silver
Matchup
PvZ
Replay Pack
MrFercho
Spawn Locations
Cross Positions
Add a new tag
Caveats
  • Supply blocks, unpowered buildings, or Contaminate may cause inaccurate times.
  • Supply counts are checked every 10 seconds.